AoeStats
← ツ Lupinamet

Arabia

510140122Analyzed
1v1 RM · 3d ago on Sep 29, 2026· 39m 20s· 2 players
Game mode
Random Map
Map size
Tiny (2 player)
Population
200
Speed
Normal
Resources
Standard
Victory
Conquest
Starting age
Dark Age
Ending age
Imperial Age
RankedLock teamsTeams togetherTeam positionsShared explorationLock speedFull tech treeHidden civsTurbo modeCheats
Victory
Defeat
🇹🇷 Japanese · Türkiye
1577
+17
🇦🇷 Khmer · Argentina
1596
-17
ツ Lupinamet
3:34 Loom
10:16 Feudal Age
11:11 Man-at-Arms
17:54 Fletching
21:02 Double-Bit Axe
21:02 Horse Collar
30:01 Castle Age
28:38 Padded Archer Armor
28:39 Scale Mail Armor
28:49 Forging
29:32 Forging
29:33 Horse Collar
29:56 Gold Mining
30:46 Squires
30:16 Pikeman
31:02 Bodkin Arrow
30:51 Crossbowman
33:12 Gambesons
37:45 Chain Mail Armor
__127_Monchito008_Arg
1:20 Loom
11:10 Feudal Age
12:12 Double-Bit Axe
25:16 Fletching
30:35 Castle Age
28:28 Horse Collar
29:45 Bloodlines
31:25 Forging
31:20 Scale Barding Armor
30:47 Light Cavalry
Connection lost

Rejoining the realm…

Still unreachable

The connection could not be restored.

Session expired

The server has moved on; the page needs a fresh start.